 Dungeon Crawl Stone Soup version 0.30-a0-715-gdb4ae3ece1 (console) character file.

Game seed: 17007160432323941615

4512 Banquo the Thaumaturge (level 10, -1/75 HPs)
             Began as a Djinni Enchanter on Jan 23, 2023.
             Was a Believer of Ashenzari.
             Slain by a vault guard (15 damage)
             ... in a bailey.
             The game lasted 00:44:23 (7975 turns).

Banquo the Thaumaturge (Djinni Enchanter)           Turns: 7975, Time: 00:44:23

Health: -1/75      AC:  4    Str:  7    XL:     10   Next: 65%
Gold:   319        EV: 14    Int: 22    God:    Ashenzari [**....] SH:  5 Dex: 13

rFire   + + .      SeeInvis +    a - +2 dagger (venom)
rCold   x . .      Faith    .    (no shield)
rNeg    + . .      Spirit   .    d - +0 troll leather armour
rPois   ∞          Reflect  +    h - +0 hat of Ashenzari's Oracle {Cun, Melee} (curse)
rElec   .          Harm     .    (no cloak)
rCorr   .          Rampage  .    (no gloves)
Will    +....                    (boots unavailable)
Stlth   ++                       x - amulet of reflection
HPRegen 1.12/turn                f - ring "Sun of the Eternal God" {rPois, Range, Self} (curse)
MPRegen 0.00/turn                E - ring "Per Aspera Ad Scientiam" {rN+, Cun, Range} (curse)

@: confusing by touch, flying
A: sickness immunity, fire resistance 2, cold vulnerability 1, float, innate
caster, HP casting, extra vitality 1
a: Renounce Religion, Shatter the Chains


You were in a bailey.
You worshipped Ashenzari.
Ashenzari was pleased with you.
You visited 2 branches of the dungeon, and saw 9 of its levels.
You also visited: Bailey.

You collected 319 gold pieces.

Inventory:

Hand Weapons
 a - a +2 dagger of venom (weapon)
 j - a +0 spear
 t - a +1 dagger
 z - a +1 dagger of venom
 C - a +2 antimagic whip
 G - the +4 hand axe of Doubt {flame, rPois rF+}
   (You found it on level 8 of the Dungeon)

   rF:        It protects you from fire.
   rPois:     It protects you from poison.
 H - a +0 war axe
 J - a +2 heavy hand axe
Missiles
 A - 4 boomerangs
Armour
 d - a +0 troll leather armour (worn)
 h - the cursed +0 hat of Ashenzari's Oracle (worn) {Cun, Melee}
   (You found it on level 7 of the Dungeon)

   It has a curse which improves the following skills: Cunning: Dodging and
   Stealth.
   Melee Combat: Short Blades, Long Blades, Axes, Maces & Flails, Polearms,
   Staves and Unarmed Combat.
Jewellery
 f - the cursed ring "Sun of the Eternal God" (left hand) {rPois, Range, Self}
   (You found it on level 1 of the Dungeon)

   [ring of poison resistance]

   rPois:     It protects you from poison.
   It has a curse which improves the following skills: Ranged Combat: Ranged
   Weapons and Throwing.
   Introspection: Fighting and Spellcasting.
 x - an amulet of reflection (around neck)
 E - the cursed ring "Per Aspera Ad Scientiam" (right hand) {rN+, Cun, Range}
   (You took it off an orc priest on level 5 of the Dungeon)

   [ring of positive energy]

   rN:        It protects you from negative energy.
   It has a curse which improves the following skills: Cunning: Dodging and
   Stealth.
   Ranged Combat: Ranged Weapons and Throwing.
Wands
 p - a wand of polymorph (8)
Scrolls
 b - a scroll of enchant armour
 e - 2 scrolls of fog
 g - 6 scrolls of teleportation
 i - 6 scrolls of identify
 q - a scroll of brand weapon
 r - 2 scrolls of fear
 u - a scroll of silence
 w - 2 scrolls of enchant weapon
 y - 2 scrolls of noise
 B - a scroll of poison
Potions
 c - 2 potions of invisibility
 k - 2 potions of might
 l - 2 potions of mutation
 m - 2 potions of heal wounds
 n - 3 potions of resistance
 o - 3 potions of lignification
 s - 7 potions of curing
 v - 3 potions of ambrosia
 D - a potion of brilliance
 F - a potion of cancellation


   Skills:
 * Level 6.3(7.5) Fighting
 + Level 3.4(4.5) Short Blades
 * Level 5.8(7.7) Dodging
 - Level 2.4(4.0) Stealth
 + Level 9.5(10.8) Spellcasting


You had 10 spell levels left.
You knew the following spells:

 Your Spells              Type           Power      Damage    Failure   Level
a - Magic Dart            Conj           100%       1d8       1%          1
b - Ensorcelled Hibernat  Hex/Ice        100%       N/A       1%          2
c - Confusing Touch       Hex            56%        N/A       1%          3
d - Dazzling Flash        Conj/Hex       100%       N/A       1%          3
g - Summon Guardian Gole  Hex/Summ       56%        N/A       1%          3
t - Tukima's Dance        Hex            56%        N/A       1%          3
M - Swiftness             Air            56%        N/A       1%          3
P - Passwall              Tmut/Erth      46%        N/A       1%          2
Your spell library was empty.

Dungeon Overview and Level Annotations

Branches:
Dungeon (8/15)             Temple (1/1) D:4            Lair (0/5) D:8
 Bailey (1/1)

Altars:
Ashenzari
Cheibriados
Dithmenos
Elyvilon
Fedhas
Gozag
Hepliaklqana
Makhleb
Nemelex Xobeh
Okawaru
Ru
Trog
Uskayaw
Xom
Yredelemnul
Zin
The Shining One

Portals:
Abyss: D:7

Annotations:
D:4 3 runed translucent doors, Alitron123's ghost, amateur AtFi; M4edhros's ghost, weakling OpWn; bratinateska's ghost, amateur MiFi; chipmonk's ghost, amateur MiBe
D:6 2 transporters, WienerDreamer's ghost, novice KoRe
D:7 2 transporters, Citaku's ghost, novice MiFi


Innate Abilities, Weirdness & Mutations

You are immune to sickness and miasma.
You are immune to poison.
Your flesh is very heat resistant. (rF++)
You are vulnerable to cold. (rC-)
You float through the air rather than walking.
You learn spells naturally, not from books.
Your magical power is your life essence.
You have superior vitality. (+4 MHP)


Message History

The vault guard easily resists.
Your +0 broad axe closely misses the vault guard.
The vault guard closely misses you.
Casting: Ensorcelled Hibernation (safe; 1% risk of failure)
Confirm with . or Enter, or press ? or * to list all spells.
Your hands begin to glow red.
You block the vault guard's attack.
Your +0 broad axe hits the vault guard!
You catch the helpless vault guard completely off-guard!
You hit the vault guard but do no damage.
The vault guard is severely wounded.
The vault guard hits you but does no damage.
You hit the vault guard but do no damage.
The vault guard is severely wounded.
Your +0 broad axe barely misses the vault guard.
You closely miss the vault guard.
The vault guard is severely wounded.
The vault guard hits you.
You hit the vault guard but do no damage.
The vault guard is severely wounded.
The vault guard hits you but does no damage.
Your +0 broad axe hits the vault guard but does no damage.
You closely miss the vault guard.
The vault guard is severely wounded.
The vault guard hits you!
Your +0 broad axe hits the vault guard!
You hit the vault guard but do no damage.
The vault guard is almost dead.
You closely miss the vault guard.
The vault guard is almost dead.
Your guardian golem disappears in a puff of smoke!
The vault guard hits you.
Your +0 broad axe barely misses the vault guard.
Casting: Confusing Touch (safe; 1% risk of failure)
Confirm with . or Enter, or press ? or * to list all spells.
A guardian golem appears, shielding your allies.
* * * LOW HITPOINT WARNING * * *
The vault guard hits you!
* * * LOW HITPOINT WARNING * * *
The vault guard attacks as you move away!
The vault guard hits you!
You die...

##..## ~~..~≈#
##....#~~ ≈~.~≈#
, * #.....##
*#≈.~≈##*
#.....†####≈..~≈
#.).[)['..# ..~ *
###'####..###'###
##~~~##...#..(§.#
#~~~~~#...#...p†#
#~~~~~#)[.####@9#
#~~~~~#...[#....#
##~~#†#)#.[)...##
####...##....##
#.....######
#.∩.∩.# #.....#
##...## #####


You could see a vault guard (ally target), a friendly guardian golem (summoned)
and a friendly +0 broad axe (sheltered).

Vanquished Creatures
  A cane toad (Bailey)
  Prince Ribbit (D:7)
  3 humans (Bailey)
  A steam dragon (D:6)
  3 orc warriors
  A sky beast (D:7)
  2 ice beasts (D:7)
  A black bear (D:7)
  3 phantoms
  3 centaurs
  9 bullfrogs
  A scorpion (D:7)
  2 vampire bats (D:7)
  3 hounds
  3 orc priests
  A jelly (D:4)
  3 iguanas
  An orc wizard (D:8)
  7 adders
  7 gnolls
  An ufetubus (D:4)
  6 worms
  6 dart slugs
  11 orcs
  7 ball pythons
  3 bats
  2 bat skeletons (D:7)
  2 bat zombies (D:7)
  15 endoplasms
  2 giant cockroaches
  14 goblins
  9 hobgoblins
  3 jackals (D:2)
  3 quokkas
  2 frilled lizards
  7 kobolds
  4 rats (D:3)
153 creatures vanquished.

Vanquished Creatures (collateral kills)
  Sigmund (D:5)
  A gnoll sergeant (D:6)
  An orc priest (D:6)
  A gnoll (D:6)
  An orc (Bailey)
5 creatures vanquished.

Vanquished Creatures (others)
  5 dancing weapons
  3 humans (Bailey)
  2 ice beasts (D:5)
  An ogre (D:5)
  A centaur (D:6)
  A scorpion (D:4)
13 creatures vanquished.

Grand Total: 171 creatures vanquished

Notes
Turn   | Place    | Note
-------+----------+-------------------------------------------
     0 | D:1      | Banquo the Djinni Enchanter began the quest for the Orb.
     0 | D:1      | Banquo set off with the following spells memorised:
                  | Ensorcelled Hibernation, Confusing Touch, Tukima's Dance,
                  | Dazzling Flash.
     0 | D:1      | Reached XP level 1. HP: 15/15 MP: 0/0
    56 | D:1      | Reached skill level 1 in Short Blades
   116 | D:1      | Reached XP level 2. HP: 22/22 MP: 0/0
   411 | D:1      | Reached XP level 3. HP: 26/26 MP: 0/0
   411 | D:1      | Learned a level 1 spell: Magic Dart
   565 | D:1      | Reached skill level 1 in Fighting
   734 | D:1      | Reached skill level 3 in Spellcasting
  1438 | D:2      | Reached XP level 4. HP: 28/32 MP: 0/0
  2237 | D:3      | Found a blossoming altar of Fedhas.
  2682 | D:4      | Found a runed translucent gate.
  2682 | D:4      | Found a runed translucent gate.
  2682 | D:4      | Found a runed translucent gate.
  2684 | D:4      | Noticed bratinateska's ghost (amateur MiFi)
  2684 | D:4      | Noticed Alitron123's ghost (amateur AtFi)
  2685 | D:4      | Noticed chipmonk's ghost (amateur MiBe)
  2706 | D:4      | Noticed M4edhros's ghost (weakling OpWn)
  2750 | D:4      | Reached XP level 5. HP: 26/37 MP: 0/0
  2750 | D:4      | Learned a level 2 spell: Passwall
  2938 | D:4      | Noticed a centaur
  3025 | D:4      | Killed a centaur
  3026 | D:4      | Reached skill level 4 in Spellcasting
  3026 | D:4      | Reached XP level 6. HP: 22/43 MP: 0/0
  3235 | D:4      | Found a broken altar of Ashenzari.
  3239 | D:4      | Saw a vision of the Shoals and the Spider Nest.
  3239 | D:4      | Noticed a spark wasp
  3239 | D:4      | Noticed a manticore
  3239 | D:4      | Noticed a steelbarb worm
  3239 | D:4      | Noticed a jumping spider
  3239 | D:4      | Noticed a spark wasp
  3239 | D:4      | Noticed a steelbarb worm
  3239 | D:4      | Noticed a merfolk impaler
  3239 | D:4      | Noticed a boulder beetle
  3239 | D:4      | Noticed a redback
  3239 | D:4      | Noticed a kraken
  3239 | D:4      | Noticed a boulder beetle
  3239 | D:4      | Noticed a snapping turtle
  3239 | D:4      | Noticed a pharaoh ant
  3239 | D:4      | Noticed a merfolk
  3240 | D:4      | Noticed a wind drake
  3240 | D:4      | Noticed a snapping turtle
  3240 | D:4      | Noticed a redback
  3243 | D:4      | Became a worshipper of Ashenzari the Shackled
  3245 | D:4      | Noticed a jumping spider
  3436 | D:4      | Found a staircase to the Ecumenical Temple.
  3446 | Temple   | Entered the Ecumenical Temple
  3950 | D:4      | Reached skill level 5 in Spellcasting
  3950 | D:4      | Reached XP level 7. HP: 26/49 MP: 0/0
  3950 | D:4      | Learned a level 3 spell: Summon Guardian Golem
  4251 | D:5      | Entered Level 5 of the Dungeon
  4368 | D:5      | Identified the +6 chain mail of Pebli {*Slow Dex+5}
  4371 | D:5      | Noticed Sigmund
  4394 | D:5      | Killed Sigmund
  4395 | D:5      | Reached skill level 6 in Spellcasting
  4395 | D:5      | Reached XP level 8. HP: 37/58 MP: 0/0
  4474 | D:5      | Found a sacrificial altar of Ru.
  4586 | D:5      | Found a snail-covered altar of Cheibriados.
  4856 | D:5      | Reached * piety under Ashenzari
  4979 | D:5      | Reached skill level 7 in Spellcasting
  5270 | D:6      | Found a glowing golden altar of the Shining One.
  5389 | D:6      | Noticed Menkaure
  5546 | D:6      | Reached XP level 9. HP: 18/66 MP: 0/0
  5546 | D:6      | Learned a level 3 spell: Swiftness
  6079 | D:6      | Reached skill level 8 in Spellcasting
  6143 | D:6      | Found a hazy altar of Hepliaklqana.
  6194 | D:6      | Found a transporter.
  6194 | D:6      | Noticed WienerDreamer's ghost (novice KoRe)
  6194 | D:6      | Identified the ring of Cosin {Will+ Dex+6}
  6225 | D:6      | Found a transporter.
  6267 | D:6      | Found a sparkling altar of Nemelex Xobeh.
  6527 | D:6      | Reached ** piety under Ashenzari
  6579 | D:7      | Reached skill level 5 in Fighting
  6580 | D:7      | Found a transporter.
  6733 | D:7      | Found an iron altar of Okawaru.
  6770 | D:7      | Noticed an ancient zyme
  6776 | D:7      | Found a one-way gate to the infinite horrors of the Abyss.
  6776 | D:7      | Found a transporter.
  6776 | D:7      | Noticed Citaku's ghost (novice MiFi)
  6869 | D:7      | Noticed Prince Ribbit
  6879 | D:7      | Killed Prince Ribbit
  7073 | D:7      | Found a burning altar of Makhleb.
  7078 | D:7      | Found a glowing silver altar of Zin.
  7078 | D:7      | Noticed an angel
  7078 | D:7      | Noticed a blizzard demon
  7294 | D:7      | Found a basalt altar of Yredelemnul.
  7609 | D:8      | Reached XP level 10. HP: 57/73 MP: 0/0
  7633 | D:8      | Found a staircase to the Lair.
  7643 | D:8      | Found a flagged portal.
  7643 | D:8      | Identified the +4 hand axe of Doubt {flame, rPois rF+}
  7655 | Bailey   | Entered a bailey
  7687 | Bailey   | Reached skill level 5 in Dodging
  7702 | Bailey   | Reached skill level 9 in Spellcasting
  7927 | Bailey   | Noticed a vault guard
  7947 | Bailey   | Noticed a cane toad
  7963 | Bailey   | Killed a cane toad
  7975 | Bailey   | Slain by a vault guard

Illustrated notes

Levels and vault maps discovered:
D:1:      minmay_arrival_open_corners, layout_basic
D:2:      layout_basic
D:3:      layout_basic, mainiacjoe_overflow_surrounded_room, minmay_diced_spiral
D:4:      minmay_chambers_of_threes, layout_loops_ring,
          grunt_ashenzari_visionary [grunt_ashenzari_visionary_shoals,
          grunt_ashenzari_visionary_spider], temple_green,
          gammafunk_ghost_cemetery
D:5:      layout_rooms, nicolae_sif_muna_condensation,
          mainiacjoe_overflow_paths, mainiacjoe_overflow_catwalk_spiral,
          amcnicky_mini_pool_small, uniq_sigmund
D:6:      layout_loops_ring, kennysheep_little_box, kennysheep_mini_moat,
          lemuel_doored_altar, gammafunk_ghost_stat_death, minmay_holes,
          uniq_menkaure
D:7:      layout_loops_ring, grunt_temple_overflow_order_and_chaos_2,
          kennysheep_okawaru_gauntlet, mainiacjoe_overflow_alcove_4,
          kennysheep_vampire_church, gammafunk_ghost_abyssal_escape,
          nicolae_figureground_sparkle, uniq_prince_ribbit1
D:8:      layout_loops_ring, nicolae_qazlal_style_of_elements,
          nicolae_overflow_hidden_temple, lair_entry_dummy, enter_bailey_2,
          ebering_ghost_gozag
Temple:   hellmonk_temple_beads
Bailey:   bailey_axe_froggy_fort_hellmonk, bailey

Skill      XL: |  1  2  3  4  5  6  7  8  9 10 |
---------------+-------------------------------+-----
Short Blades   | 1 2 3 |  3.4
Fighting       | 1 2 3 4 5 6 |  6.3
Spellcasting   | 3 4 5 6 7 8 9 |  9.5
Dodging        | 4 5 |  5.8
Stealth        | |  2.4

Action                     |  1- 3 |  4- 6 |  7- 9 | 10-12 || total
---------------------------+-------+-------+-------+-------++-------
  Melee: Dagger            |    60 |    15 |    96 |    56 ||   227
   Cast: Ensorcelled Hiber |     9 |    12 |    12 |    19 ||    52
         Magic Dart        |    47 |   113 |   132 |    15 ||   307
         Tukima's Dance    |       |     1 |     7 |    13 ||    21
         Summon Guardian G |       |       |    21 |     8 ||    29
         Confusing Touch   |       |       |     7 |     3 ||    10
         Dazzling Flash    |       |       |       |     2 ||     2
 Invoke: Curse Item        |       |       |     3 |     1 ||     4
         Shatter the Chain |       |       |     1 |       ||     1
    Use: Potion            |       |       |       |     1 ||     1
   Stab: Sleeping          |     9 |     6 |    11 |    10 ||    36
         Confused          |       |       |     3 |     1 ||     4
         Distracted        |       |       |       |     1 ||     1
 Armour: Robe              |     8 |     5 |     5 |       ||    18
         Troll leather arm |       |       |    16 |     7 ||    23
  Dodge: Dodged            |    39 |    25 |    67 |    36 ||   167
  Block: Other             |       |       |       |    13 ||    13

Table legend: (Time is in decaauts)
 A = Elapsed time spent in this place.
 B = Non-inter-level travel time spent in this place.
 C = Inter-level travel time spent in this place.
 D = Time resting spent in this place.
 E = Time spent auto-exploring this place.
 F = Levels seen in this place.
 G = Mean time per level.
                   A        B        C        D        E       F      G
               +--------+--------+--------+--------+--------+-----+--------+
         Total |   7951 |   7328 |    623 |    827 |   4077 |  10 |  795.1 |
       Dungeon |   7533 |   6910 |    623 |    803 |   3985 |   8 |  941.6 |
        Temple |    109 |    109 |      0 |      0 |     92 |   1 |  109.0 |
        Bailey |    308 |    308 |      0 |     24 |      0 |   1 |  308.0 |
               +--------+--------+--------+--------+--------+-----+--------+

Top non-repeatable levels by time:
     D:4: 1528 daAuts
     D:6: 1381 daAuts
     D:3: 963 daAuts
     D:7: 946 daAuts
     D:5: 932 daAuts
     D:1: 909 daAuts
     D:2: 806 daAuts
  Bailey: 308 daAuts
  Temple: 109 daAuts
     D:8: 63 daAuts
